 Dungeon Crawl Stone Soup version 0.22.1-2-g9c5b331383 (webtiles) character file.

2997 Adamkad1 the Blocker (level 9, 0/78 HPs)
             Began as a Hill Orc Fighter on Dec 12, 2018.
             Was an Initiate of Beogh.
             Killed by divine providence
             ... invoked by an orc priest
              (12 damage)
             ... on level 8 of the Dungeon.
             The game lasted 00:23:55 (7674 turns).

Adamkad1 the Blocker (Hill Orc Fighter)             Turns: 7674, Time: 00:23:56

Health: 0/78       AC: 11    Str: 19 (21) XL:     9   Next: 84%
Magic:  9/9        EV:  7    Int:  7 (8)  God:    Beogh [......]
Gold:   492        SH:  9    Dex:  8 (11) Spells: 8/8 levels left

rFire    + . .     SeeInvis +   u - +0 mace (pain)
rCold    . . .     Gourm    .   c - +0 shield
rNeg     . . .     Faith    .   b - +0 scale mail
rPois    .         Spirit   .   (no helmet)
rElec    .         Reflect  .   h - +2 cloak
rCorr    .         Harm     .   (no gloves)
MR       .....                  K - +0 pair of boots (curse)
Stlth    ..........             (no amulet)
HPRegen  0.23/turn              g - ring of protection from fire
MPRegen  0.11/turn              s - ring of see invisible

@: very heavily drained
A: no striking features
a: Renounce Religion


You were on level 8 of the Dungeon.
You worshipped Beogh.
Beogh was noncommittal.
You were not hungry.

You visited 2 branches of the dungeon, and saw 9 of its levels.

You collected 492 gold pieces.

Inventory:

Hand Weapons
 a - a +1 flail of protection
 o - a +0 blowgun
 q - a +0 dagger
 u - a +0 mace of pain (weapon)
 y - a +0 hunting sling of freezing
 I - a +1 whip of flaming
Missiles
 l - 51 bolts
 n - 34 arrows
 p - 5 poisoned needles (quivered)
Armour
 b - a +0 scale mail (worn)
 c - a +0 shield (worn)
 h - a +2 cloak (worn)
 t - a +1 leather armour of cold resistance
 K - a cursed +0 pair of boots (worn)
Magical Staves
 v - an uncursed staff of wizardry
 x - an uncursed staff of death {unknown}
Jewellery
 g - a ring of protection from fire (left hand)
 i - an uncursed amulet of harm {unknown}
 s - a ring of see invisible (right hand)
Wands
 C - a wand of flame (13)
 L - a wand of acid (11)
Scrolls
 e - 2 scrolls of noise
 k - 5 scrolls of teleportation
 r - 5 scrolls of identify
 A - a scroll of fear
 B - a scroll of brand weapon
 D - a scroll of immolation
 E - 2 scrolls of enchant weapon
Potions
 d - a potion of might
 j - a potion of magic
 m - a potion of heal wounds
 G - 2 potions of degeneration
 M - a potion of lignification
Comestibles
 f - 13 rations


   Skills:
 * Level 6.6(3.1) Fighting
 * Level 8.0(4.4) Maces & Flails
 + Level 3.7(0.5) Throwing
 * Level 7.8(4.2) Armour
 + Level 0.2(0.0) Stealth
 * Level 8.1(4.5) Shields


You had 8 spell levels left.
You didn't know any spells.
Your spell library contained the following spells:

 Spells                   Type           Power        Failure   Level  Hunger
 Magic Dart               Conj           #...         99%         1    ##.....
 Blink                    Tloc           N/A          100%        2    ###....
 Call Imp                 Summ           #.......     100%        2    ###....
 Slow                     Hex            #.......     100%        2    ###....
 Conjure Flame            Conj/Fire      #.......     100%        3    ####...
 Mephitic Cloud           Conj/Pois/Air  #.......     100%        3    ####...


Dungeon Overview and Level Annotations

Branches:
Dungeon (8/15)             Temple (1/1) D:4            Lair (0/6) D:8

Altars:
Ashenzari
Cheibriados
Dithmenos
Elyvilon
Fedhas
Gozag
Hepliaklqana
Kikubaaqudgha
Makhleb
Nemelex Xobeh
Okawaru
Qazlal
Ru
Sif Muna
Trog
Uskayaw
Vehumet
Xom
Yredelemnul
Zin
The Shining One

Annotations:
D:8 Maurice


Message History

You block the orc priest's attack. The orc closely misses you.
You closely miss the orc. The orc priest hits you with a flail.
You block the orc's attack.
Your shield prevents you from hitting the orc.
You block the orc's attack. The orc priest hits you with a flail.
The orc closely misses you.
You hit the orc priest but do no damage.
You block the orc's attack. The orc hits you but does no damage.
The orc priest calls down the wrath of Beogh upon you.
Beogh smites you!
* * * LOW HITPOINT WARNING * * *
The orc priest hits you but does no damage.
You hit the orc priest but do no damage.
The orc hits you but does no damage. x2; The orc priest hits you with a flail.
* * * LOW HITPOINT WARNING * * *
The orc hits you but does no damage.
The orc priest invokes the aid of Beogh against you.
Beogh smites you!
You die...
Beogh appreciates the orc priest's killing of a heretic priest.

..... ### #....... #.. ........ #
#.# #.#.#..# ##########.#
#.#.#..# ...........# #.#.#..#
#####.####.# #.#.#..# #
##...###.####.#.#oc#
##.............@.oo.#.#
#.......#.#...>..o........
##.....##.#.##.##..##.###.
##...###.#.##........#
##.###....#####..#####
####.#.................### #
##....#.#...<##..###......# #.
#.....#.#....##..# #.##.#.#####.#
...........####..###.##.#......##


You could see a centaur, 2 orc priests and 2 orcs.

Vanquished Creatures
  Pikel (D:6)
  Sigmund (D:3)
  3 hogs (D:7)
  A yak (D:7)
  A human (D:7)
  Menkaure (D:5)
  A water moccasin (D:5)
  An ice beast (D:6)
  A centaur (D:7)
  A phantom (D:5)
  4 ogres
  2 bullfrogs
  A howler monkey (D:4)
  A bullfrog zombie (D:7)
  2 crimson imps
  A hound (D:5)
  A jelly (D:7)
  An orc priest (D:8)
  2 orc wizards
  Crazy Yiuf (D:3)
  2 bullfrog skeletons
  An iguana (D:8)
  2 worker ants
  A killer bee zombie (D:5)
  A hound zombie (D:5)
  A worker ant zombie (D:8)
  2 hound skeletons (D:5)
  7 adders
  4 shadow imps
  An ooze (D:3)
  An adder skeleton (D:4)
  6 worms
  6 leopard geckos
  19 orcs
  3 ball pythons
  5 bats
  4 giant cockroaches
  7 goblins
  6 hobgoblins
  6 jackals (D:1)
  3 quokkas
  5 frilled lizards
  A jackal skeleton (D:6)
  4 kobolds
  A quokka zombie (D:5)
  6 rats
133 creatures vanquished.

Notes
Turn   | Place    | Note
-------+----------+-------------------------------------------
     0 | D:1      | Adamkad1 the Hill Orc Fighter began the quest for the Orb.
     0 | D:1      | Reached XP level 1. HP: 19/19 MP: 1/1
   168 | D:1      | Reached XP level 2. HP: 27/27 MP: 2/2
   526 | D:1      | Reached XP level 3. HP: 32/33 MP: 3/3
  1775 | D:3      | Reached XP level 4. HP: 23/40 MP: 4/4
  2268 | D:3      | Noticed Sigmund
  2560 | D:3      | Killed Sigmund
  2560 | D:3      | Reached skill level 1 in Throwing
  2560 | D:3      | Reached XP level 5. HP: 23/46 MP: 5/5
  2560 | D:3      | Reached XP level 6. HP: 26/52 MP: 6/6
  2799 | D:3      | Found a runed door.
  3162 | D:3      | Noticed Crazy Yiuf
  3170 | D:3      | Killed Crazy Yiuf
  3170 | D:3      | Reached skill level 5 in Shields
  3323 | D:4      | Found a staircase to the Ecumenical Temple.
  3335 | Temple   | Entered the Ecumenical Temple
  3759 | D:4      | Reached XP level 7. HP: 60/60 MP: 7/7
  3919 | D:4      | Reached skill level 5 in Armour
  4044 | D:5      | Entered Level 5 of the Dungeon
  4179 | D:5      | Reached skill level 5 in Maces & Flails
  4230 | D:5      | Reached skill level 5 in Fighting
  4400 | D:5      | Reached XP level 8. HP: 68/68 MP: 8/8
  4407 | D:5      | Found a snail-covered altar of Cheibriados.
  4764 | D:5      | Noticed a moth of wrath
  4795 | D:5      | Found a bloodstained altar of Trog.
  4911 | D:6      | Found a sparkling altar of Nemelex Xobeh.
  5017 | D:6      | Noticed Pikel
  5043 | D:6      | Killed Pikel
  5246 | D:6      | Found a transporter.
  5250 | D:6      | Found a transporter.
  5253 | D:6      | Noticed a six-headed hydra
  5253 | D:6      | Found a stormy altar of Qazlal.
  5253 | D:6      | Found a white marble altar of Elyvilon.
  5332 | D:6      | Noticed Menkaure
  5387 | D:5      | Killed Menkaure
  5428 | D:6      | Found a sparkling altar of Nemelex Xobeh.
  6080 | D:7      | Reached XP level 9. HP: 75/75 MP: 9/9
  6594 | D:7      | Became a worshipper of Beogh the Brigand
  7130 | D:8      | Found a staircase to the Lair.
  7251 | D:8      | Noticed Maurice
  7674 | D:8      | Killed from afar by an orc priest

Skill      XL: |  1  2  3  4  5  6  7  8  9 |
---------------+----------------------------+-----
Maces & Flails | 3 4 5 6 8 |  8.0
Shields        | 4 5 6 7 8 |  8.1
Armour         | 4 5 6 7 |  7.8
Fighting       | 4 5 6 |  6.6
Throwing       | 1 2 3 |  3.7
Stealth        | |  0.2

Action                   |  1- 3 |  4- 6 |  7- 9 || total
-------------------------+-------+-------+-------++-------
Melee: Flail             |   143 |   108 |   259 ||   510
       Whip              |       |       |   176 ||   176
       Mace              |       |       |    13 ||    13
 Fire: Blowgun           |       |     2 |     3 ||     5
Invok: Convert to Beogh  |       |       |     1 ||     1
  Use: Scroll            |     5 |     3 |     4 ||    12
       Potion            |     1 |     3 |     7 ||    11
  Eat: Chunk             |     2 |     6 |    11 ||    19
       Ration            |       |       |     1 ||     1
Armor: Scale mail        |    91 |    54 |   163 ||   308
Dodge: Dodged            |    61 |    27 |   103 ||   191
Block: Shield            |   100 |    61 |   196 ||   357
